 Dungeon Crawl Stone Soup version 0.29-a0-876-gfc89b1a5bd (webtiles) character file.

Game seed: 2746783700036107462

967 Hubris850 the Reanimator (level 7, -3/46 HPs)
             Began as a Demonspawn Necromancer on July 19, 2022.
             Slain by MisterPants's ghost (12 damage)
             ... on level 4 of the Dungeon.
             The game lasted 00:21:40 (6025 turns).

Hubris850 the Reanimator (Demonspawn Necromancer)   Turns: 6025, Time: 00:21:40

Health: -3/46      AC:  6    Str:  7    XL:     7   Next: 93%
Magic:  16/16      EV: 12    Int: 17    God:
Gold:   215        SH:  0    Dex: 18    Spells: 10/18 levels left

rFire   . . .      SeeInvis .   a - +1 dagger (speed)
rCold   . . .      Faith    .   (no shield)
rNeg    + . .      Spirit   .   z - +0 robe {Will+}
rPois   .          Reflect  .   (helmet restricted)
rElec   .          Harm     .   (no cloak)
rCorr   .          Rampage  .   (no gloves)
Will    +....                   p - +0 pair of boots
Stlth   ++........              (no amulet)
HPRegen 0.15/turn               v - ring of positive energy
MPRegen 0.15/turn               (no ring)

@: brilliant, hasted, very quick
A: hooves 1, demonic guardian 1, powered by pain 1, sharp scales 2, horns 1,
agile 1, shaggy fur 1
a: no special abilities


You were on level 4 of the Dungeon.
You visited 2 branches of the dungeon, and saw 7 of its levels.
You also visited: Ossuary.

You collected 215 gold pieces.

Inventory:

Hand Weapons
 a - a +1 dagger of speed (weapon)
 b - a +1 sling of flaming
 c - a +0 short sword
 q - a +0 sling
Missiles
 d - 5 boomerangs
 k - 18 poisoned darts
Armour
 i - a +0 tower shield
 p - a +0 pair of boots (worn)
 t - a +0 helmet
 u - a +0 robe
 z - a +0 robe of willpower (worn)
Magical Staves
 n - a staff of poison
Jewellery
 v - a ring of positive energy (left hand)
Wands
 H - a wand of roots (12)
Scrolls
 f - 3 scrolls of amnesia {unknown}
 h - 2 scrolls of enchant armour {unknown}
 j - 2 scrolls of fear {unknown}
 o - a scroll of noise {unknown}
 r - a scroll of summoning {unknown}
 s - 4 scrolls of identify {unknown}
 x - a scroll of poison {unknown}
 A - 2 scrolls of teleportation {unknown}
 D - 2 scrolls of brand weapon {unknown}
 G - 2 scrolls of immolation {unknown}
Potions
 e - a potion of mutation
 g - a potion of brilliance
 l - 2 potions of haste
 m - a potion of attraction {unknown}
 w - 3 potions of might {unknown}
 y - 2 potions of magic
 B - a potion of lignification {unknown}
 C - a potion of curing {unknown}
 E - 2 potions of degeneration {unknown}
 F - a potion of heal wounds {unknown}


   Skills:
 - Level 1.7 Dodging
 - Level 1.7 Stealth
 + Level 6.2 Spellcasting
 + Level 8.3 Necromancy


You had 10 spell levels left.
You knew the following spells:

 Your Spells              Type           Power      Damage    Failure   Level
a - Necrotise             Necr           100%       1d9       1%          1
b - Vampiric Draining     Necr           50%        2d9       1%          3
c - Animate Dead          Necr           50%        N/A       4%          4

Your spell library contained the following spells:

 Spells                   Type           Power      Damage    Failure   Level
 Agony                    Necr           50%        N/A       11%         5
 Ensorcelled Hibernation  Hex/Ice        14%        N/A       19%         2
 Passwall                 Tmut/Erth      5%         N/A       19%         2
 Swiftness                Air            7%         N/A       36%         3


Dungeon Overview and Level Annotations

Branches:
Dungeon (6/15)             Temple (1/1) D:4         Ossuary (visited)

Altars:
Ashenzari
Cheibriados
Dithmenos
Hepliaklqana
Makhleb
Nemelex Xobeh
Okawaru
Qazlal
Sif Muna
Trog
Uskayaw
Wu Jian
Xom
Yredelemnul

Shops:
D:4 *

Annotations:
D:4 1 transporter, MisterPants's ghost, novice MiAr


Innate Abilities, Weirdness & Mutations

You have large cloven feet.
A weak demonic guardian rushes to your aid.
You sometimes gain a little power by taking damage.
You are mostly covered in razor-sharp scales. (AC +2, Slay +2)
You have a pair of small horns on your head.
You are agile. (Dex +4, Str/Int -1)
You are covered in fur. (AC +1)


Message History

MisterPants's ghost hits you but does no damage.
You hit MisterPants's ghost.
Your headbutt misses MisterPants's ghost.
MisterPants's ghost is almost destroyed.
Your quasit bites the centaur zombie but does no damage.
Your quasit claws the centaur zombie but does no damage.
Your quasit claws the centaur zombie.
The centaur zombie hits your quasit.
The centaur zombie kicks your quasit but does no damage.
Your ufetubus hits MisterPants's ghost but does no damage.
Your ufetubus barely misses MisterPants's ghost.
You hit MisterPants's ghost. You headbutt MisterPants's ghost.
MisterPants's ghost is almost destroyed.
Your quasit bites the centaur zombie.
The centaur zombie is destroyed!
MisterPants's ghost barely misses you.
You hit MisterPants's ghost but do no damage.
MisterPants's ghost is almost destroyed.
Your ufetubus hits MisterPants's ghost but does no damage. x2
Unknown command.
You hit MisterPants's ghost but do no damage.
MisterPants's ghost is almost destroyed.
Your quasit bites the howler monkey skeleton.
Your quasit completely misses the howler monkey skeleton.
Your quasit claws the howler monkey skeleton.
Your ufetubus hits MisterPants's ghost but does no damage.
Your ufetubus completely misses MisterPants's ghost.
You hit MisterPants's ghost.
MisterPants's ghost is almost destroyed.
MisterPants's ghost barely misses you.
You hit MisterPants's ghost.
MisterPants's ghost is almost destroyed.
Your ufetubus hits MisterPants's ghost but does no damage.
Your ufetubus closely misses MisterPants's ghost.
Your quasit bites the howler monkey skeleton.
Your quasit claws the howler monkey skeleton. x2
You closely miss MisterPants's ghost.
Your headbutt misses MisterPants's ghost.
MisterPants's ghost is almost destroyed.
MisterPants's ghost hits you!
You die...

#..........#...........#..# #
......#....#..###.###..#..### #
...........#..#8#.#8#..#..#.# #
#.#.#.#....#/..........#..#.# #
..#.......©#[....©.....#©...# #
#.#........#....5Z5....#....#####
#.#........#..#8#5#8#..#.........
#.#........#..###W###..#..#......
...........#....@.5....#..#.###..
#.#........#...........#....# #..
#.#.♣♣♣#+..#############..#.###..
#.#<......................#...#..
#.#.♣♣♣...................#.#.#..
#.###.....##..>..................
#.# #............................
#.# #.....##.#.#.......#.##.#....
#.###..........#.##+#..#.###..###


You could see MisterPants's ghost (ally target), a shadow imp, a howler monkey
skeleton, a friendly quasit (summoned) and a friendly ufetubus (summoned).

Vanquished Creatures
  Sigmund (D:5)
  A black bear (D:5)
  A water moccasin zombie (Ossuary)
  3 bullfrog zombies (Ossuary)
  2 jellies (D:4)
  An iguana (D:4)
  A scorpion zombie (Ossuary)
  2 orc wizards (D:4)
  2 ogre zombies (Ossuary)
  3 hound skeletons (Ossuary)
  5 mummies (Ossuary)
  Robin (D:2)
  A gnoll (D:1)
  4 adders
  A worm (D:3)
  2 dart slugs
  6 orcs
  5 ball pythons
  5 endoplasms
  2 giant cockroaches (D:4)
  4 gnoll zombies (Ossuary)
  20 goblins
  2 hobgoblins
  7 kobolds
  3 quokkas
  3 bats
  2 frilled lizards
  4 gnoll skeletons (Ossuary)
  4 goblin skeletons (Ossuary)
  5 goblin zombies (Ossuary)
  A hobgoblin skeleton (Ossuary)
  3 hobgoblin zombies (Ossuary)
  4 kobold skeletons (Ossuary)
  5 kobold zombies (Ossuary)
  11 orc skeletons (Ossuary)
  5 orc zombies (Ossuary)
  6 rats
  4 rat skeletons (Ossuary)
  3 rat zombies (Ossuary)
145 creatures vanquished.

Vanquished Creatures (collateral kills)
  A centaur zombie (D:4)
  A centaur skeleton (Ossuary)
  An ogre skeleton (Ossuary)
  An orc (D:3)
  A ball python (D:3)
  A goblin (D:4)
  A hobgoblin skeleton (Ossuary)
  A hobgoblin zombie (Ossuary)
  A rat skeleton (Ossuary)
9 creatures vanquished.

Vanquished Creatures (others)
  3 orc zombies (D:4)
  A fungus (D:2)
4 creatures vanquished.

Grand Total: 158 creatures vanquished

Notes
Turn   | Place    | Note
-------+----------+-------------------------------------------
     0 | D:1      | Hubris850 the Demonspawn Necromancer began the quest for
                  | the Orb.
     0 | D:1      | Reached XP level 1. HP: 13/13 MP: 3/3
   241 | D:1      | Gained mutation: You sometimes gain a little power by
                  | taking damage. [demonic ancestry]
   241 | D:1      | Reached XP level 2. HP: 19/19 MP: 0/5
  1358 | D:2      | Found a faded altar of an unknown god.
  1379 | D:2      | Gained mutation: You have large cloven feet. [demonic
                  | ancestry]
  1379 | D:2      | Reached XP level 3. HP: 20/24 MP: 2/7
  1544 | D:2      | Reached skill level 5 in Necromancy
  1703 | D:2      | Learned a level 3 spell: Vampiric Draining
  1978 | D:2      | Noticed Robin
  2005 | D:2      | Killed Robin
  2418 | D:3      | Gained mutation: A weak demonic guardian rushes to your
                  | aid. [demonic ancestry]
  2418 | D:3      | Reached XP level 4. HP: 30/30 MP: 0/8
  3055 | D:5      | Entered Level 5 of the Dungeon
  3055 | D:5      | Noticed Sigmund
  3073 | D:5      | Killed Sigmund
  3074 | D:5      | Reached skill level 6 in Necromancy
  3074 | D:5      | Reached XP level 5. HP: 25/35 MP: 1/11
  3104 | D:5      | Gained mutation: You are partially covered in razor-sharp
                  | scales. (AC +1, Slay +1) [demonic ancestry]
  3104 | D:5      | Reached XP level 6. HP: 30/41 MP: 2/12
  3152 | D:5      | Found a sand-covered staircase.
  3159 | Ossuary  | Entered an ossuary
  3998 | Ossuary  | Reached skill level 7 in Necromancy
  4007 | Ossuary  | Reached skill level 5 in Spellcasting
  4254 | Ossuary  | Gained mutation: You are mostly covered in razor-sharp
                  | scales. (AC +2, Slay +2) [demonic ancestry]
  4254 | Ossuary  | Reached XP level 7. HP: 45/46 MP: 14/14
  4691 | D:4      | Learned a level 4 spell: Animate Dead
  4713 | D:4      | Found Reymucwo's CLEARANCE SALE!.
  4739 | D:4      | Reached skill level 8 in Necromancy
  5185 | D:4      | Found a staircase to the Ecumenical Temple.
  5218 | D:4      | Found a transporter.
  5256 | Temple   | Entered the Ecumenical Temple
  5600 | D:4      | Noticed MisterPants's ghost (novice MiAr)
  5818 | D:4      | Found a transporter.
  5978 | D:4      | Gained mutation: You have a pair of small horns on your
                  | head. [potion of mutation]
  5978 | D:4      | Gained mutation: You are agile. (Dex +4, Str/Int -1)
                  | [potion of mutation]
  5978 | D:4      | Gained mutation: You are covered in fur. (AC +1) [potion of
                  | mutation]
  6025 | D:4      | Slain by MisterPants's ghost

Illustrated notes

Levels and vault maps discovered:
D:1:      mrwooster_arrival_statue_3, layout_loops_ring
D:2:      layout_loops_ring, dreamdust_ecumenical_altar_grove,
          minmay_pentomino_s4, uniq_robin
D:3:      layout_rooms, feat_on_display
D:4:      layout_basic, temple_statues, serial_forest,
          infiniplex_forest_clump_small, infiniplex_forest_straight_4,
          infiniplex_forest_lined_corner, infiniplex_forest_straight_1,
          infiniplex_forest_clump_large, gammafunk_ghost_mausoleum,
          nicolae_shop_clearance
D:5:      layout_basic, nicolae_ossuary_entry_monument, uniq_duvessa,
          uniq_menkaure, uniq_sigmund
D:6:      layout_loops_corners, gammafunk_ghost_abyssal_escape, st_stairs_9
Temple:   minmay_crystal_spiral_temple

Skill      XL: |  1  2  3  4  5  6  7 |
---------------+----------------------+-----
Necromancy     | 5 6 7 8 |  8.3
Spellcasting   | 3 4 5 6 |  6.2
Dodging        | |  1.7
Stealth        | |  1.7

Action                   |  1- 3 |  4- 6 |  7- 9 || total
-------------------------+-------+-------+-------++-------
Melee: Short sword       |    45 |     6 |       ||    51
       Punch             |     2 |     5 |     1 ||     8
       Dagger            |       |   187 |    70 ||   257
       Headbutt          |       |       |     7 ||     7
 Fire: Sling             |       |    88 |    83 ||   171
Throw: Boomerang         |     2 |     1 |     1 ||     4
 Cast: Necrotise         |    48 |    33 |     5 ||    86
       Animate Dead      |       |       |     1 ||     1
       Vampiric Draining |       |       |     1 ||     1
  Use: Potion            |       |       |     3 ||     3
Armor: Robe              |     7 |    31 |    21 ||    59
Dodge: Dodged            |    35 |   104 |    33 ||   172

Table legend: (Time is in decaauts)
 A = Elapsed time spent in this place.
 B = Non-inter-level travel time spent in this place.
 C = Inter-level travel time spent in this place.
 D = Time resting spent in this place.
 E = Time spent auto-exploring this place.
 F = Levels seen in this place.
 G = Mean time per level.
                   A        B        C        D        E       F      G
               +--------+--------+--------+--------+--------+-----+--------+
         Total |   5982 |   5700 |    282 |   1178 |   3124 |   8 |  747.8 |
       Dungeon |   4426 |   4228 |    198 |    646 |   2667 |   6 |  737.7 |
        Temple |    210 |    126 |     84 |      0 |    111 |   1 |  210.0 |
       Ossuary |   1345 |   1345 |      0 |    532 |    346 |   1 | 1345.0 |
               +--------+--------+--------+--------+--------+-----+--------+

Top non-repeatable levels by time:
 Ossuary: 1345 daAuts
     D:1: 1237 daAuts
     D:4: 1214 daAuts
     D:2: 1121 daAuts
     D:3: 681 daAuts
  Temple: 210 daAuts
     D:5: 170 daAuts
     D:6: 1 daAuts
